 Dungeon Crawl Stone Soup version 0.26.1-2-gb8aa6d0cf2 (webtiles) character file.

Game seed: 18086671703131244132

61 Gadfly the Skirmisher (level 3, -1/29 HPs)
             Began as a Demonspawn Monk on Feb 9, 2021.
             Slain by a gnoll
             ... wielding a +0 club
              (6 damage)
             ... on level 1 of the Dungeon.
             The game lasted 00:01:31 (1509 turns).

Gadfly the Skirmisher (Demonspawn Monk)             Turns: 1509, Time: 00:01:32

Health: -1/29      AC:  5    Str: 12    XL:     3   Next: 83%
Magic:  4/4        EV: 13    Int: 11    God:
Gold:   81         SH:  0    Dex: 15    Spells: 2/2 levels left

rFire    . . .     SeeInvis .   a - +0 hand axe
rCold    . . .     Faith    .   (no shield)
rNeg     . . .     Spirit   .   b - +0 robe
rPois    .         Reflect  .   (helmet restricted)
rElec    .         Harm     .   l - +0 cloak
rCorr    .         Rampage  .   (no gloves)
Will     .....                  (no boots)
Stlth    ++........             (no amulet)
HPRegen  0.09/turn              e - ring of flight
MPRegen  0.09/turn              (no ring)

@: no status effects
A: horns 1, yellow scales 1
a: Evoke Flight


You were on level 1 of the Dungeon.
You visited 1 branch of the dungeon, and saw 2 of its levels.

You collected 81 gold pieces.

Inventory:

Hand Weapons
 a - a +0 hand axe (weapon)
Armour
 b - a +0 robe (worn)
 l - a +0 cloak (worn)
Jewellery
 e - a ring of flight (left hand)
Scrolls
 d - 3 scrolls of teleportation
 h - 3 scrolls of blinking
Potions
 f - a potion of curing
 j - a potion of mutation
 k - a potion of lignification


   Skills:
 - Level 3.0 Fighting
 + Level 2.9 Axes
 * Level 1.5 Armour
 - Level 2.6 Dodging
 - Level 1.7 Stealth
 * Level 2.3 Invocations
 * Level 1.7 Evocations


You had 2 spell levels left.
You didn't know any spells.
Your spell library was empty.

Dungeon Overview and Level Annotations

Branches:
Dungeon (2/15)

Altars:
Okawaru


Innate Abilities, Weirdness & Mutations

You have a pair of small horns on your head.
You are partially covered in yellow scales. (AC +2)


Message History

You are too injured to fight recklessly!
You are too injured to fight recklessly!
Unknown command.
There is a stone staircase leading up here.
You climb upwards.
There is a stone staircase leading down here.
You closely miss the gnoll.
The gnoll is heavily wounded.
The gnoll barely misses you.
You hit the gnoll but do no damage.
The gnoll is moderately wounded.
The gnoll hits you with a +0 club.
You closely miss the gnoll.
The gnoll is moderately wounded.
The gnoll hits you with a +0 club!
* * * LOW HITPOINT WARNING * * *
You hit the gnoll.
The gnoll is heavily wounded.
The gnoll hits you with a +0 club.
You die...

######.# #
##......# #
#....≈≈≈####
#####..≈≈...#...
#.(..≈≈.≈≈..#.##
#.###...........
###.###.###.....##
#.g...#.####....#
#@#.#.#.......#.##
##.#.#.#######.#...
#..).#.# #.####
#..###.# ##'## #..#
#.# ##...##
#..###.# ##.....##
#......# ##.......#
#.#...####.........
#......).+.........


You could see a gnoll.

Vanquished Creatures
  3 adders (D:2)
  A dart slug (D:2)
  4 giant cockroaches
  2 goblins (D:1)
  2 hobgoblins (D:1)
  3 jackals (D:1)
  3 kobolds (D:1)
  6 bats
  2 frilled lizards
  6 rats
32 creatures vanquished.

Notes
Turn   | Place    | Note
-------+----------+-------------------------------------------
     0 | D:1      | Gadfly the Demonspawn Monk began the quest for the Orb.
     0 | D:1      | Reached XP level 1. HP: 18/18 MP: 1/1
   277 | D:1      | Reached skill level 1 in Invocations
   479 | D:1      | Found an iron altar of Okawaru.
   483 | D:1      | Gained mutation: You have a pair of small horns on your
                  | head. [demonic ancestry]
   483 | D:1      | Reached XP level 2. HP: 24/24 MP: 2/2
   585 | D:1      | Reached skill level 1 in Evocations
  1030 | D:1      | Reached skill level 1 in Armour
  1209 | D:2      | Gained mutation: You are partially covered in yellow
                  | scales. (AC +2) [demonic ancestry]
  1209 | D:2      | Reached XP level 3. HP: 29/29 MP: 4/4
  1509 | D:1      | Slain by a gnoll

Illustrated notes

Levels and vault maps discovered:
D:1:      minmay_arrival_open_corners, layout_loops_corners,
          minmay_strange_pillars, chequers_serial_rivers_micro_c,
          corexii_corridor_pit, kennysheep_flooded_box
D:2:      layout_loops_ring

Skill      XL: |  1  2  3 |
---------------+----------+-----
Invocations    | 1 2 |  2.3
Evocations     | 1 |  1.7
Armour         | 1 |  1.5
Fighting       | |  3.0
Axes           | |  2.9
Dodging        | |  2.6
Stealth        | |  1.7

Action                   || total
-------------------------++-------
Melee: Hand axe          ||    98
       Headbutt          ||    13
  Use: Scroll            ||     6
       Potion            ||     1
 Stab: Sleeping          ||     4
Armor: Robe              ||    25
Dodge: Dodged            ||    78
